[Event "Early-Titled-Tuesday-Blitz-September-05-2023"]
[Site "Chess.com"]
[Date "2023.09.05"]
[Round "6"]
[White "topin8"]
[Black "Heinza9"]
[Result "0-1"]
[WhiteElo "2455"]
[BlackElo "2296"]
[TimeControl "180+1"]
[EndTime "9:06:40 PDT"]
[Termination "Heinza9 won on time"]

1. e4 e5 2. Nf3 Nc6 3. Bb5 f5 4. d3 Nf6 5. Nc3 d6 6. O-O Be7 7. a3 O-O 8. Bc4+ Kh8 9. Ng5 Qe8 10. Ne6 Bxe6 11. Bxe6 f4 12. Bh3 g5 13. f3 h5 14.
g3 Nd4 15. Ne2 Nxf3+ 16. Rxf3 g4 17. Rf2 f3 18. Nc3 gxh3 19. Rxf3 Ng4 20. Nd5 Qd7 21.
Ne3 Qc6 22. Nf5 Qb6+ 23. Kh1 Qf2 24. Qf1 Qxf1+ 25. Rxf1 Bf6 26. Bd2 Rf7 27. c4 Raf8 28.
Rf3 Bd8 29. Raf1 Kh7 30. Kg1 Nf6 31. Nh6 Rg7 32. Nf5 Rgf7 33. b4 Ng4 34. Kh1 Rf6 35. c5 dxc5 36. bxc5 b6 37. Bg5 R6f7 38. Bxd8 Rxd8 39.
cxb6 axb6 40. Rc1 c5 41. Rff1 Rfd7 42. Nh4 Rxd3 43. Rf7+ Kg8 44. Rcf1 Rd1 45. Kg1 Ne3 46. Rxd1 Rxd1+ 47. Kf2 Rf1+ 48. Kxe3 Kxf7 49. Nf5 Rh1 0-1

[Event "Early-Titled-Tuesday-Blitz-September-05-2023"]
[Site "Chess.com"]
[Date "2023.09.05"]
[Round "6"]
[White "Korchmar_Vasiliy"]
[Black "Parhamov"]
[Result "0-1"]
[WhiteElo "2708"]
[BlackElo "2929"]
[TimeControl "180+1"]
[EndTime "9:06:41 PDT"]
[Termination "Parhamov won by resignation"]

1. e4 c5 2. d4 cxd4 3. Qxd4 Nc6 4. Qd3 g6 5. Nc3 Bg7 6. Nf3 d6 7. Be2 Nf6 8. O-O O-O 9. Nd5 Be6 10. c3 Rc8 11.
Bg5 Re8 12. Nxf6+ exf6 13. Bh4 Qb6 14. Qb5 f5 15. Qxb6 axb6 16. exf5 Bxf5 17. Rfe1 h6 18. Rad1 Ne5 19. Nd4 Bd3 20. Bg3 Bxe2 21. Rxe2 Nc4 22. Rxe8+ Rxe8 23. b3 Nb2 24. Rb1 Nd3 25. Bxd6 Bxd4 26.
cxd4 Re2 27. Bc7 Nxf2 28. d5 Ne4 29. Rd1 Nf6 30. d6 Nd7 31. a4 f5 32. Kf1 Re5 33.
Re1 Rxe1+ 34. Kxe1 Kf7 35. Kd2 Ke6 36. Kd3 Kd5 37. b4 g5 38. g3 Ne5+ 39. Ke3 Nc4+ 40. Kd3 Ne5+ 41. Ke3 b5 42. axb5 Nc4+ 43. Kd3 Nxd6 44.
Bxd6 Kxd6 45. Kd4 b6 46. h3 h5 47. h4 gxh4 48. gxh4 Ke6 49. Ke3 Ke5 50. Kf3 f4 51.
Kf2 Ke4 52. Ke2 f3+ 53. Kf2 Kf4 0-1

[Event "Early-Titled-Tuesday-Blitz-September-05-2023"]
[Site "Chess.com"]
[Date "2023.09.05"]
[Round "6"]
[White "WilsonPalencia21"]
[Black "Witik"]
[Result "1-0"]
[WhiteElo "2543"]
[BlackElo "2667"]
[TimeControl "180+1"]
[EndTime "9:06:41 PDT"]
[Termination "WilsonPalencia21 won on time"]

1. d4 Nf6 2. c4 g6 3. Nf3 Bg7 4. Nc3 d6 5. e4 O-O 6. Be2 e5 7. O-O Na6 8. d5 Nc5 9. Qc2 a5 10. Bg5 h6 11. Be3 b6 12. h3 Nh5 13. Qd2 Kh7 14.
g4 Nf4 15. Bxf4 exf4 16. Qxf4 f5 17. exf5 gxf5 18. g5 Ne4 19. g6+ Kh8 20. Rac1 Qe8 21. Bd3 Qxg6+ 22. Kh2 Qh5 23. Rg1 Nxf2 24. Rxg7 Nxh3 25.
Qh4 Qxh4 26. Nxh4 Kxg7 27. Kxh3 Kf6 28. Nf3 Bd7 29. Kg3 Rae8 30. Kf2 Rg8 31. Rh1 Rg6 32. Ne2 Kg7 33. Nf4 Rg4 34. Nh5+ Kf7 35. Ng3 Rf4 36. Rxh6 b5 37. Rh7+ Kg6 38. Rxd7 bxc4 39. Be2 Rb8 40. Re7 Rxb2 41. Re6+ Kf7 42. Nh5 Re4 43. Ng5+ Kg8 44.
Nxe4 fxe4 45. Rxe4 c3 46. Re7 c2 47. Rxc7 Rxa2 48.
Nf6+ Kf8 49. Ke3 a4 50. Bh5 c1=Q+ 51. Rxc1 Re2+ 52. Kxe2 1-0

[Event "Early-Titled-Tuesday-Blitz-September-05-2023"]
[Site "Chess.com"]
[Date "2023.09.05"]
[Round "6"]
[White "Tsyhanchuk_Stanislav"]
[Black "KChor05TTV"]
[Result "0-1"]
[WhiteElo "2420"]
[BlackElo "2617"]
[TimeControl "180+1"]
[EndTime "9:06:41 PDT"]
[Termination "KChor05TTV won by checkmate"]

1. e4 c5 2. c4 Nc6 3. Nc3 g6 4. g3 Bg7 5. Bg2 Rb8 6. Nge2 a6 7. a4 Nf6 8. O-O O-O 9. f4 Ne8 10. f5 Nc7 11. d3 b5 12. axb5 axb5 13. cxb5 Nxb5 14.
Nxb5 Rxb5 15. Nc3 Ra5 16. Rxa5 Qxa5 17. Nd5 Qd8 18. Bg5 h6 19. Be3 e6 20. Nf4 g5 21.
Nh5 Bd4 22. Bxd4 Nxd4 23. e5 exf5 24. Nf6+ Kg7 25. Qh5 d6 26. h4 Ne6 27. hxg5 Nxg5 28. Qe2 dxe5 29. Nh5+ Kg6 30. g4 Qd4+ 31. Kh2 Qxg4 32.
Qxg4 fxg4 33. Ng3 f5 34. Rc1 h5 35. Rxc5 h4 36. Ne2 f4 37. d4 f3 38. Bf1 fxe2 39. Bxe2 g3+ 40. Kg1 exd4 41. Bd3+ Bf5 42. Rc6+ Kh5 43.
Be2+ Bg4 44. Bf1 Nf3+ 45. Kh1 d3 46. Bxd3 Ne5 47. Rc5 Re8 48. Bb5 Bf3+ 49. Kg1 Re7 50. Rc3 Kg4 51. Ba4 h3 52. Rb3 h2+ 53. Kf1 h1=R# 0-1

[Event "Early-Titled-Tuesday-Blitz-September-05-2023"]
[Site "Chess.com"]
[Date "2023.09.05"]
[Round "6"]
[White "CheckThis4"]
[Black "Rikikits"]
[Result "0-1"]
[WhiteElo "2660"]
[BlackElo "2850"]
[TimeControl "180+1"]
[EndTime "9:06:42 PDT"]
[Termination "Rikikits won on time"]

1. d4 Nc6 2. Bg5 h6 3. Bh4 g5 4. Bg3 Bg7 5. e3 d6 6. h4 g4 7. Nc3 e5 8. Bb5 Ne7 9. dxe5 dxe5 10. Qxd8+ Kxd8 11. Nge2 Bd7 12. O-O-O Kc8 13. f3 h5 14. e4 a6 15. Bc4 f5 16. a3 f4 17. Bf2 g3 18. Bc5 b6 19. Bxe7 Nxe7 20. Nd5 Nxd5 21.
Bxd5 c6 22. Bb3 Kc7 23. Rd2 Rad8 24. Nc3 Bf8 25. Bc4 b5 26. Bf7 Bc5 27. Kb1 a5 28. a4 b4 29. Ne2 Bc8 30. Rdd1 Be7 31. Nc1 Rxd1 32. Rxd1 Bxh4 33. Rh1 Be7 34. Nd3 Bd6 35.
Rxh5 Rxh5 36. Bxh5 Be6 37. b3 c5 38. c4 bxc3 39.
Kc2 c4 40. bxc4 Bxc4 41. Kxc3 Ba6 42. Bg4 Kb6 43. Be6 Bc7 44. Bf5 Kc6 45. Bg4 Kd6 46. Bh3 Bb6 47. Bg4 Bd4+ 48. Kc2 Bb7 49. Bh3 Bc6 50.
Kb3 Be8 51. Bg4 Bf7+ 52. Kc2 Bc4 53. Bh3 Bf7 54. Bg4 Bg6 55. Bh3 Bh5 56. Kb3 Ke7 57.
Kc4 Be8 58. Kb3 Kf6 59. Bg4 Kg5 60. Bh3 Bh5 61. Kc4 Kh4 62. Ne1 Be8 63. Nd3 Bxa4 64. Kd5 Bb3+ 65. Kd6 a4 66. Nxe5 Bxe5+ 67. Kxe5 a3 68.
Kxf4 a2 0-1

[Event "Early-Titled-Tuesday-Blitz-September-05-2023"]
[Site "Chess.com"]
[Date "2023.09.05"]
[Round "6"]
[White "Arteler"]
[Black "Andrej2004"]
[Result "0-1"]
[WhiteElo "2391"]
[BlackElo "2565"]
[TimeControl "180+1"]
[EndTime "9:06:42 PDT"]
[Termination "Andrej2004 won by resignation"]

1. e4 c5 2. Nf3 Nc6 3. c3 g6 4.
d4 cxd4 5. cxd4 d5 6. exd5 Qxd5 7. Nc3 Qa5 8. d5 Nb8 9. Be3 Bg7 10. Bd4 Nf6 11. Bb5+ Bd7 12. Qe2 O-O 13. O-O Bxb5 14. Nxb5 a6 15. Nc3 Nbd7 16. Qxe7 Rfe8 17. Qd6 Rad8 18.
Rfe1 Ne5 19. Qb6 Nxf3+ 20. gxf3 Qxb6 21. Bxb6 Rd6 22. Bc7 Rd7 23. d6 Rc8 24. Na4 Bf8 25.
Nb6 Rcxc7 26. dxc7 Rxc7 27. Rac1 Rc5 28. Rxc5 Bxc5 29.
Na4 Bd4 30. Rd1 Be5 31. Nc3 Kg7 32. Ne4 b5 33. Nxf6 Kxf6 34. b3 Ke6 35. Kf1 Bxh2 36. Ke2 Bc7 37. Rc1 Kd7 38. Rd1+ Ke6 39. Ke3 h5 40. f4 Kf5 41. Rd5+ Ke6 42. Rd3 Kf5 43.
Rd7 Bxf4+ 44. Kf3 g5 45. Ra7 g4+ 46. Kg2 h4 47. Rxf7+ Ke4 48. Re7+ Kf5 49. Ra7 h3+ 50.
Kg1 g3 51. fxg3 Be3+ 52. Kh2 Bxa7 0-1

[Event "Early-Titled-Tuesday-Blitz-September-05-2023"]
[Site "Chess.com"]
[Date "2023.09.05"]
[Round "6"]
[White "Nick12772"]
[Black "C_K_G"]
[Result "1-0"]
[WhiteElo "2325"]
[BlackElo "2070"]
[TimeControl "180+1"]
[EndTime "9:06:42 PDT"]
[Termination "Nick12772 won by resignation"]

1. Nf3 d5 2. g3 e6 3. Bg2 Nf6 4. O-O c5 5. d4 cxd4 6. Nxd4 Nc6 7. c4 Nxd4 8. Qxd4 Be7 9. Nc3 O-O 10. cxd5 exd5 11.
Nxd5 Nxd5 12. Qxd5 Qb6 13. Qb3 Be6 14. Qxb6 axb6 15.
a3 Rac8 16. Be3 Rc2 17. Bxb6 Rxb2 18. Bd4 Rxe2 19. Bxb7 Rd2 20. Be3 Rb2 21. Bg2 Bc4 22.
Rfc1 Bd3 23. a4 Bf6 24. a5 Rc2 25. Rxc2 Bxa1 26. Ra2 Be5 27. a6 Bb1 28. Ra5 Bc3 29.
Rc5 Bb4 30. Rb5 Bd3 31. Rxb4 Bxa6 32. Ba7 h5 33. Rb8 Bc8 34. Bc5 Re8 35. Be3 Kh7 36. Bb7 Bd7 37. Rxe8 Bxe8 38. Bf3 g6 39. h4 f6 40. Kg2 Kg7 41. Bd5 Kh7 42. Kf3 Kg7 43.
Ke2 Bd7 44. Kd3 Bf5+ 45. Be4 Be6 46. Kd4 Bh3 47. Kc5 Be6 48. Kd6 Kf7 49. Bd5 Bxd5 50. Kxd5 g5 51. hxg5 fxg5 52. Bxg5 Kg6 53. Bh4 Kf5 54.
Kd4 Kg4 55. Ke3 Kf5 56. Kf3 Kg6 57. Kf4 Kh6 58. Kf5 Kg7 59. Kg5 Kh7 60. Kxh5 Kg7 61.
Kg5 1-0

[Event "Early-Titled-Tuesday-Blitz-September-05-2023"]
[Site "Chess.com"]
[Date "2023.09.05"]
[Round "6"]
[White "FairChess_on_YouTube"]
[Black "FormerProdigy"]
[Result "0-1"]
[WhiteElo "3048"]
[BlackElo "2908"]
[TimeControl "180+1"]
[EndTime "9:06:43 PDT"]
[Termination "FormerProdigy won on time"]

1. d4 Nf6 2. c4 e6 3. Nf3 d5 4.
Bg5 dxc4 5. e4 c5 6. Nc3 cxd4 7. Qxd4 Qxd4 8. Nxd4 a6 9. Bxc4 b5 10. Be2 Bb7 11.
f3 Nc6 12. Nxc6 Bxc6 13. Rc1 Bd6 14. Kf2 Rc8 15. Rhd1 Ke7 16. g3 Rhd8 17. a3 h6 18. Be3 Bb7 19. Bb6 Rd7 20. Ba5 Be5 21. Bb4+ Ke8 22. Kg2 Rxd1 23. Rxd1 g5 24. g4 Nd7 25. a4 bxa4 26. Nxa4 Rc2 27. Rd2 Rxd2 28. Bxd2 Bc6 29.
b3 Bb5 30. Bxb5 axb5 31. Nc3 Nc5 32. Nxb5 Nxb3 33. Bb4 Nd4 34. Bc3 Nxb5 35. Bxe5 Ke7 36. Bg7 f6 37. Bxh6 e5 38. Kg3 Nd4 39. Kf2 Kf7 40. h4 Ne6 41. hxg5 fxg5 42. Bxg5 Nxg5 43. Ke3 Ne6 44. Kd3 Kf6 45. Kc4 Ng5 46. Kd5 Nxf3 47. Kd6 Kg5 48. Ke6 Kxg4 0-1

[Event "Early-Titled-Tuesday-Blitz-September-05-2023"]
[Site "Chess.com"]
[Date "2023.09.05"]
[Round "6"]
[White "rasmussvane"]
[Black "GasconJR"]
[Result "1/2-1/2"]
[WhiteElo "2948"]
[BlackElo "2715"]
[TimeControl "180+1"]
[EndTime "9:06:45 PDT"]
[Termination "Game drawn by stalemate"]

1. Nf3 d5 2. g3 g6 3. Bg2 Bg7 4.
d4 Nf6 5. O-O O-O 6. c4 c6 7. Qb3 Qb6 8. Nc3 Be6 9. Na4 Qxb3 10. axb3 Nbd7 11. Ng5 Bg4 12. Nc3 h6 13. Nf3 Bxf3 14. Bxf3 e6 15. Bf4 a6 16. Ra4 Rfe8 17. Rc1 Bf8 18. h4 dxc4 19. bxc4 Nb6 20. Raa1 Nxc4 21. Na4 Na5 22. Rc3 Bb4 23. Rd3 Nd7 24. Bxh6 e5 25. e4 b5 26. Nc5 Nxc5 27. dxc5 Nb7 28. h5 Nxc5 29. Rdd1 Kh7 30. Be3 Ne6 31.
hxg6+ Kxg6 32. Bg4 a5 33. Kg2 Rad8 34. Rh1 Rh8 35.
Rad1 Kg7 36. Rxd8 Rxd8 37. Rh5 Bc5 38. Bh6+ Kf6 39. Rf5+ Kg6 40. Rxe5 Kxh6 41. Bxe6 Bd4 42. Rd5 cxd5 43. Bxf7 Bxb2 44. exd5 a4 45. Be6 a3 46.
d6 Rxd6 47. Bb3 Rd3 48. Ba2 b4 49. f4 b3 50. Bb1 Rd1 51. Be4 a2 52. Kh3 a1=Q 53.
Kg4 Rg1 54. Bf3 Qe1 55. Kf5 Qxg3 56. Ke4 Re1+ 57. Kf5 Qxf3 1/2-1/2

[Event "Early-Titled-Tuesday-Blitz-September-05-2023"]
[Site "Chess.com"]
[Date "2023.09.05"]
[Round "6"]
[White "Fengwi"]
[Black "unclear15"]
[Result "1/2-1/2"]
[WhiteElo "2270"]
[BlackElo "2400"]
[TimeControl "180+1"]
[EndTime "9:06:46 PDT"]
[Termination "Game drawn by repetition"]

1. Nf3 d5 2. b3 Nd7 3. Bb2 Ngf6 4. g3 g6 5. c4 dxc4 6. bxc4 Bg7 7. Bg2 O-O 8. O-O c5 9. a4 Nb8 10. a5 a6 11. d3 Nc6 12. Qa4 Bg4 13. Nbd2 Nh5 14. Bxg7 Nxg7 15. Rfb1 Nb4 16. h3 Bd7 17. Qb3 Bc6 18.
Ne1 Nf5 19. Nc2 Nxc2 20. Qxc2 Nd4 21. Qd1 Bxg2 22. Kxg2 Rb8 23. Rb6 Nc6 24. Qa4 Nb4 25. Ne4 Nc6 26. Nxc5 Qd4 27. Nxb7 Ne5 28. Rab1 Rbc8 29.
Rxa6 Nxc4 30. Kg1 Qd5 31. dxc4 Rxc4 32. Qd1 Qf5 33. Qd3 Qc8 34. Rab6 Rc3 35. Qd1 Qxh3 36. a6 Rxg3+ 37. fxg3 Qxg3+ 38. Kf1 Qh3+ 39. Ke1 Qg3+ 40. Kd2 Rc8 41. Qb3 Qf4+ 42. Kd1 Qf1+ 43. Kd2 Qf4+ 44. Ke1 Qh4+ 45. Kf1 Qh1+ 46. Kf2 Qh2+ 47. Ke3 Qg3+ 48. Kd2 Qf4+ 1/2-1/2

[Event "Early-Titled-Tuesday-Blitz-September-05-2023"]
[Site "Chess.com"]
[Date "2023.09.05"]
[Round "6"]
[White "vovachesss"]
[Black "gau248"]
[Result "0-1"]
[WhiteElo "2762"]
[BlackElo "2582"]
[TimeControl "180+1"]
[EndTime "9:06:47 PDT"]
[Termination "gau248 won on time"]

1. e4 e5 2. Nf3 Nc6 3. Nc3 Nf6 4. d4 exd4 5. Nxd4 Bb4 6. Nxc6 bxc6 7. Bd3 O-O 8. O-O d5 9. exd5 cxd5 10. h3 c6 11. Qf3 Re8 12. Bf4 Bd6 13. Ne2 Bxf4 14. Qxf4 Bb7 15. c4 c5 16. Rad1 d4 17. Ng3 Qb8 18. Qg5 Qe5 19. Nf5 Ne4 20. Nh6+ Kf8 21.
Qxe5 Rxe5 22. Ng4 Re7 23. Rfe1 Rae8 24. Bxe4 Rxe4 25. Rxe4 Rxe4 26. Kf1 a5 27. f3 Re6 28.
Nf2 a4 29. Nd3 Ba6 30. b3 Rc6 31. Re1 f6 32. Kf2 a3 33. h4 h5 34. g4 hxg4 35. fxg4 Bc8 36. g5 Bf5 37. Nf4 d3 38. Ke3 Rd6 39.
Kd2 Rd4 40. Rf1 Kf7 41. gxf6 gxf6 42. Nd5 Bg6 43. Rxf6+ Kg7 44. Rc6 Rxh4 45. Ne7 Rh2+ 46. Ke3 Re2+ 47. Kf3 Rxe7 48. Rd6 Re2 49. Rd7+ Kh6 50.
Rd6 Rxa2 0-1

[Event "Early-Titled-Tuesday-Blitz-September-05-2023"]
[Site "Chess.com"]
[Date "2023.09.05"]
[Round "6"]
[White "EvgenyBurmakin"]
[Black "Dewarfd"]
[Result "1-0"]
[WhiteElo "2275"]
[BlackElo "2136"]
[TimeControl "180+1"]
[EndTime "9:06:47 PDT"]
[Termination "EvgenyBurmakin won by resignation"]

1. e4 e5 2. Nf3 Nc6 3. Bb5 Nf6 4. d3 Ne7 5. O-O c6 6. Ba4 Ng6 7. c3 Be7 8. Re1 O-O 9. d4 d6 10. Nbd2 a5 11. c4 Be6 12. d5 Bd7 13. Nf1 cxd5 14. cxd5 b5 15. Bc2 a4 16. a3 Qa5 17. Bd2 Qa6 18.
Bb4 Bd8 19. Ne3 Nf4 20. g3 Ng6 21. Qd2 Ba5 22. Rac1 Rfc8 23. Bb1 Bxb4 24. Qxb4 h6 25.
h4 Ng4 26. Nxg4 Bxg4 27. Kg2 Bxf3+ 28. Kxf3 Nf8 29. Bd3 Rxc1 30. Rxc1 Qa5 31. Qxa5 Rxa5 32. Rc6 Nd7 33. Rxd6 Nc5 34. Be2 Nb3 35. Rd8+ Kh7 36. Ke3 Nd4 37. f4 f6 38. fxe5 fxe5 39. Re8 b4 40. axb4 a3 41. bxa3 Rxa3+ 42. Kd2 Ra2+ 43. Kd3 Nxe2 44. Rxe5 Nxg3 45. d6 Ra3+ 46. Kc4 Ra8 47.
d7 Rd8 48. Re7 Nh5 49. e5 Kg6 50. Kc5 Nf6 51. exf6 Kxf6 52. Kd6 g5 53. Re8 Rxd7+ 54. Kxd7 gxh4 55. b5 h3 56. Re3 1-0

[Event "Early-Titled-Tuesday-Blitz-September-05-2023"]
[Site "Chess.com"]
[Date "2023.09.05"]
[Round "6"]
[White "sebastianmarinp"]
[Black "ural58"]
[Result "0-1"]
[WhiteElo "2396"]
[BlackElo "2518"]
[TimeControl "180+1"]
[EndTime "9:06:48 PDT"]
[Termination "ural58 won by resignation"]

1. d4 d5 2. c4 e5 3. dxe5 d4 4.
Nf3 Nc6 5. g3 Nge7 6. Bg2 Ng6 7.
O-O Ngxe5 8. Nxe5 Nxe5 9. b3 Be7 10. Bb2 c5 11. h3 O-O 12. e3 Nc6 13. exd4 Nxd4 14. Nc3 Be6 15. Nd5 Bxd5 16. Bxd5 Qc7 17. Bxd4 cxd4 18. Qf3 Rab8 19. Rae1 Bf6 20. Re4 b5 21.
Rfe1 bxc4 22. Bxc4 a5 23. g4 h6 24. Rf4 Qd6 25. Rf5 a4 26. Rd5 Qb4 27. Re4 Qd2 28. Re2 Qd1+ 29. Kg2 a3 30. Rd7 Qb1 31. Qd3 Qxd3 32.
Bxd3 Ra8 33. Bc4 Ra5 34. f4 Rc5 35. Kf3 g6 36. Kg3 Bg7 37. h4 Rcc8 38. Ree7 d3 39. Rxd3 Bf6 40. Ra7 Ra8 41. Rdd7 Rxa7 42. Rxa7 Bb2 43.
g5 hxg5 44. hxg5 Kg7 45. Kg4 Bd4 46. f5 Bxa7 47. f6+ Kg8 48. b4 Rd8 0-1

[Event "Early-Titled-Tuesday-Blitz-September-05-2023"]
[Site "Chess.com"]
[Date "2023.09.05"]
[Round "6"]
[White "AdrianaPalao"]
[Black "UmarovSabir"]
[Result "0-1"]
[WhiteElo "2052"]
[BlackElo "2328"]
[TimeControl "180+1"]
[EndTime "9:06:48 PDT"]
[Termination "UmarovSabir won by resignation"]

1. e4 g6 2. d4 Bg7 3. Nc3 c6 4. Be3 d5 5. e5 f6 6. f4 Nh6 7.
h3 Qb6 8. Qd2 Qxb2 9. Rb1 Qa3 10. Bd3 O-O 11. Nf3 b5 12. Bxb5 cxb5 13. Nxb5 Qxa2 14.
O-O Qc4 15. Rb4 Qc6 16. g4 Nf7 17. c4 a5 18. cxd5 Qxd5 19. Rb2 Qd7 20. e6 Qxe6 21. Nc7 Qe4 22. Nxa8 Qxa8 23. Rfb1 Nc6 24. d5 Nb4 25.
Bc5 Nxd5 26. Rb8 Qc6 27. Rc1 Qd7 28. Ba3 Bb7 29. Rxf8+ Bxf8 30. Rd1 e6 31. f5 Bxa3 32. fxe6 Qxe6 33. Nd4 Qe3+ 34. Qxe3 Nxe3 35. Rd3 Nc4 36. Ne6 Bd5 37. Rxd5 Nfe5 38. Nd8 Kg7 39. Rb5 Bb4 40. Rb7+ Kh6 41. Ne6 Bd2 42. Kf1 Be3 43. Ke2 a4 44. Nd8 a3 45. Nf7+ Nxf7 46. Rxf7 Bd4 47. Rb7 a2 48.
Kd3 a1=Q 49. Kxc4 Be5 0-1

[Event "Early-Titled-Tuesday-Blitz-September-05-2023"]
[Site "Chess.com"]
[Date "2023.09.05"]
[Round "6"]
[White "Duhless"]
[Black "econpower"]
[Result "1-0"]
[WhiteElo "3006"]
[BlackElo "2728"]
[TimeControl "180+1"]
[EndTime "9:06:50 PDT"]
[Termination "Duhless won by resignation"]

1. c4 g6 2. g3 Bg7 3. Bg2 d6 4.
Nc3 e5 5. Nf3 Ne7 6. O-O Nd7 7. d4 O-O 8. dxe5 dxe5 9. Qc2 Nc6 10. Bg5 f6 11. Be3 Nb6 12. Rfd1 Qe7 13. Nd5 Qf7 14. Rd2 Bf5 15. Qc3 Be6 16. Rad1 e4 17. Ne1 f5 18. Qc1 Rfd8 19. Bg5 Rd7 20. f3 Nxd5 21.
cxd5 Rxd5 22. fxe4 Rxd2 23. Qxd2 fxe4 24. Bxe4 Bxa2 25. Nf3 Re8 26. Bd3 Nd4 27. Rf1 Qd7 28. Kg2 Bd5 29. e4 Be6 30. Rf2 Bh3+ 31. Kg1 Kh8 32.
Be3 Nxf3+ 33. Rxf3 Bg4 34. Rf4 Be5 35. Rf2 Rd8 36. Bg5 Re8 37. Kh1 Bd4 38. Bc4 Bg7 39. Qxd7 Bxd7 40. Rf7 Bc6 41. Bd5 Bxd5 42. exd5 Be5 43. b4 Kg8 44. Rd7 b6 45. b5 Bd6 46.
Bf4 Bxf4 47. gxf4 Re1+ 48. Kg2 Rc1 49. Kf3 Rc5 50. Ke4 Rxb5 51. Rxc7 a6 52. Ke5 Kf8 53. Kf6 Ke8 54. Ke6 Kd8 55. Rxh7 a5 56. Rh8+ Kc7 57.
d6+ Kc6 58. Rc8+ 1-0

[Event "Early-Titled-Tuesday-Blitz-September-05-2023"]
[Site "Chess.com"]
[Date "2023.09.05"]
[Round "6"]
[White "Gareth-Bale11"]
[Black "tteshan"]
[Result "1-0"]
[WhiteElo "2787"]
[BlackElo "2564"]
[TimeControl "180+1"]
[EndTime "9:06:50 PDT"]
[Termination "Gareth-Bale11 won by resignation"]

1. Nf3 c5 2. g3 Nc6 3. Bg2 g6 4. c4 Bg7 5. Nc3 e6 6. Rb1 Nge7 7. a3 O-O 8. b4 cxb4 9. axb4 d5 10. cxd5 Nxd5 11.
Nxd5 Qxd5 12. d3 Bd7 13. O-O Qd6 14. b5 Ne7 15. Qb3 Qd5 16. Ba3 Qxb3 17. Rxb3 Rfe8 18. Ng5 Nd5 19. Ne4 Rec8 20. Nc5 Rc7 21. Nxd7 Rxd7 22.
Rc1 Bf8 23. Bb2 Bg7 24. d4 Kf8 25. h4 Ke8 26. h5 gxh5 27. Be4 h6 28. Kg2 Nf6 29.
Bf3 Kd8 30. e4 Rc8 31. Rxc8+ Kxc8 32. d5 exd5 33. exd5 Kd8 34. Be5 Ne8 35. Bb8 a6 36. b6 Nd6 37. Bxh5 Nc4 38. Rb4 Ne5 39. Bc7+ Ke7 40.
d6+ Kf6 41. f4 Nc6 42. Rb1 Nd4 43. Rd1 Ne6 44. Bf3 Nc5 45. Rc1 Nd3 46. Rd1 Nc5 47.
Rd5 Ne6 48. Ra5 Nd8 49. Ra2 Kg6 50. g4 Bd4 51. Rd2 Bc5 52. Rd5 Ne6 53. f5+ Kf6 54. fxe6 1-0

[Event "Early-Titled-Tuesday-Blitz-September-05-2023"]
[Site "Chess.com"]
[Date "2023.09.05"]
[Round "6"]
[White "CrushingKings"]
[Black "Goi_Manne"]
[Result "1/2-1/2"]
[WhiteElo "2547"]
[BlackElo "2323"]
[TimeControl "180+1"]
[EndTime "9:06:51 PDT"]
[Termination "Game drawn - insufficient material"]

1. Nf3 d5 2. g3 c6 3. Bg2 Nd7 4. d4 Ngf6 5. O-O g6 6. b3 Bg7 7.
Bb2 O-O 8. c4 e6 9. Nbd2 Re8 10.
Qc2 b6 11. e4 dxe4 12. Nxe4 Nxe4 13. Qxe4 Bb7 14. Rad1 Qc7 15. Qc2 c5 16. d5 exd5 17.
Bxg7 Kxg7 18. cxd5 Qd6 19. Ng5 Nf6 20. Qc3 Qe5 21.
Qxe5 Rxe5 22. f4 Re2 23. Rf2 Rae8 24. d6 Bxg2 25. Kxg2 Rxf2+ 26. Kxf2 Ng4+ 27. Kg1 h6 28. Nf3 Rd8 29. Rd3 Kf8 30. h3 Nf6 31. Ne5 Ke8 32.
Kg2 b5 33. Nc6 Rd7 34. Ne5 Rd8 35. Kf3 a5 36. g4 a4 37. g5 hxg5 38. fxg5 Nd7 39.
Ke4 Nxe5 40. Kxe5 Kd7 41. Kf6 c4 42. bxc4 bxc4 43. Rd1 c3 44. Kxf7 c2 45. Rc1 Rc8 46.
Kxg6 Kxd6 47. h4 Kd5 48. h5 Kd4 49. h6 Kd3 50. h7 Kd2 51. Rxc2+ Kxc2 52. Kg7 Kb2 53.
g6 Kxa2 54. h8=Q Rxh8 55. Kxh8 Kb1 56. g7 a3 57. g8=Q a2 58. Qg6+ Ka1 59. Qf6+ Kb1 60. Qf5+ Kb2 61. Qb5+ Ka1 62. Qa4 Kb2 63. Qd4+ Kb1 64.
Qb4+ Ka1 65. Qa3 Kb1 66. Qc3 a1=Q 67. Qxa1+ Kxa1 1/2-1/2

[Event "Early-Titled-Tuesday-Blitz-September-05-2023"]
[Site "Chess.com"]
[Date "2023.09.05"]
[Round "6"]
[White "FeketeBarika"]
[Black "FARIZA2018"]
[Result "0-1"]
[WhiteElo "2374"]
[BlackElo "2526"]
[TimeControl "180+1"]
[EndTime "9:06:51 PDT"]
[Termination "FARIZA2018 won by resignation"]

1. Nf3 Nf6 2. c4 e6 3. g3 d5 4. Bg2 dxc4 5. Qa4+ Nbd7 6. O-O a6 7. Qxc4 c5 8. a4 b5 9. Qc2 Bb7 10. axb5 axb5 11. Rxa8 Qxa8 12. Qb3 b4 13. d3 Be7 14. Nbd2 O-O 15. e4 Nb6 16. Nc4 Nxc4 17. Qxc4 Ba6 18. Qc2 Rd8 19. Rd1 Qc8 20. Bg5 h6 21. Bxf6 Bxf6 22.
e5 Be7 23. b3 Qd7 24. d4 Bb7 25. Rd2 Bxf3 26. Bxf3 cxd4 27. Qc4 Qa7 28. Kg2 Qa1 29. Rd3 Kf8 30. Be4 Qe1 31. Qc6 Qe2 32. Rf3 Kg8 33.
Bd3 Qxe5 34. h4 Qd5 35. Qc7 Qd6 36. Qa7 Bf6 37. Qb7 Qd5 38. Qxb4 e5 39. Bc4 Qc6 40. Bb5 Qb7 41. Qc5 d3 42. Qe3 d2 43. Be2 d1=Q 44. Bxd1 Rxd1 45. Kh2 Rd6 46. Qe2 e4 47. Re3 Re6 48.
h5 Bg5 49. Rc3 Bf6 50. Rc4 Qd5 51. b4 Bg5 52. Rc8+ Kh7 53. Rc5 Qd3 54. Qe1 e3 55.
f4 Be7 56. Ra5 e2 57. Ra2 Qd1 58. Ra1 Qxe1 59. Rxe1 Bxb4 0-1

[Event "Early-Titled-Tuesday-Blitz-September-05-2023"]
[Site "Chess.com"]
[Date "2023.09.05"]
[Round "6"]
[White "Dmitry_Konenkin"]
[Black "isaak2009"]
[Result "1/2-1/2"]
[WhiteElo "2399"]
[BlackElo "2541"]
[TimeControl "180+1"]
[EndTime "9:06:52 PDT"]
[Termination "Game drawn by repetition"]

1. d4 Nf6 2. Bg5 d5 3. Nd2 Bf5 4. e3 e6 5. Ngf3 Be7 6. c4 O-O 7. Be2 h6 8. Bh4 c6 9. O-O Nbd7 10. Qb3 Qb6 11. c5 Qc7 12. Bg3 Qc8 13. h3 Ne4 14.
Nxe4 Bxe4 15. Nd2 Bh7 16. Bd3 Bxd3 17. Qxd3 e5 18. b4 e4 19. Qb3 Kh8 20. b5 f5 21. Rab1 Nf6 22. bxc6 bxc6 23. Qb7 Qe6 24. Nb3 a5 25. Qb6 Qd7 26. Be5 a4 27. Nc1 Qe6 28. Ne2 Nh5 29. Qc7 Rfc8 30. Qb7 Bf6 31. Bd6 Kg8 32. Rb6 Qf7 33. Rfb1 Qxb7 34. Rxb7 a3 35. R1b3 Ra4 36. Nc3 Ra5 37. Nb1 Rca8 38. Rc7 R5a6 39. Rb6 Ra4 40. Rcxc6 Rc4 41. g4 fxg4 42. hxg4 Rc1+ 43.
Kg2 Rc2 44. gxh5 Bh4 45. Bg3 Bxg3 46. Kxg3 Rxa2 47. Ra6 Rf8 48. Nxa3 Rf3+ 49. Kg4 Raxf2 50. Rg6 Rg2+ 51. Kh4 Rh2+ 52. Kg4 Rg2+ 53. Kh4 Rh2+ 54. Kg4 Rg2+ 1/2-1/2

[Event "Early-Titled-Tuesday-Blitz-September-05-2023"]
[Site "Chess.com"]
[Date "2023.09.05"]
[Round "6"]
[White "Chessbard1972"]
[Black "ilushka"]
[Result "0-1"]
[WhiteElo "2525"]
[BlackElo "2406"]
[TimeControl "180+1"]
[EndTime "9:06:53 PDT"]
[Termination "ilushka won by checkmate"]

1. d4 d5 2. c4 e6 3. Nc3 Nf6 4. Bg5 Be7 5. e3 O-O 6. cxd5 exd5 7. Qc2 h6 8. Bh4 c6 9. Bd3 a5 10. Nge2 Re8 11. f3 Na6 12. a3 Nc7 13. O-O Ne6 14.
Bf2 c5 15. Rad1 cxd4 16. exd4 Bd7 17. Qb3 a4 18. Qa2 Bc6 19. Rfe1 Qb6 20. Bf5 Bd6 21.
Ng3 Nf4 22. Bc2 Rxe1+ 23. Rxe1 g6 24. Qb1 Kg7 25. Nge2 Ne6 26. Bd3 h5 27. Qc2 Re8 28. Qd2 Nc7 29. Bb1 Nb5 30. Nxa4 Qa7 31. Nac3 Nxc3 32. Nxc3 Rxe1+ 33. Qxe1 Qa5 34. Bg3 Bxg3 35. Qxg3 Qb6 36. Qf2 Ne8 37. Ba2 Nc7 38. h4 Ne6 39. Nxd5 Bxd5 40. Bxd5 Nxd4 41. Kh1 Qc5 42. Bxb7 Qc1+ 43.
Kh2 Qf4+ 44. g3 Qf6 45. Be4 Ne6 46. b4 Qc3 47. Bd5 Nd4 48. Kg2 Nf5 49. Qc5 Ne3+ 50. Kh3 Qd2 51. f4 Nxd5 52. b5 Ne3 53. Qe5+ Kh7 54. Qe4 Qf2 55. b6 Qf1+ 56. Kh2 Ng4# 0-1